 Dungeon Crawl Stone Soup version 0.26.1-11-gd32895ea62 (webtiles) character file.

Game seed: 17757374381279872665

68 nomophobia the Chopper (level 4, -5/35 HPs)
             Began as a Demonspawn Berserker on May 21, 2021.
             Was a Believer of Trog.
             Slain by a worm (7 damage)
             ... on level 2 of the Dungeon.
             The game lasted 00:13:16 (1615 turns).

nomophobia the Chopper (Demonspawn Berserker)       Turns: 1615, Time: 00:13:17

Health: -5/35      AC:  4    Str: 19    XL:     4   Next: 1%
Magic:  0/4        EV: 12    Int:  8    God:    Trog [**....]
Gold:   135        SH:  0    Dex: 12    Spells: 3/3 levels left

rFire    . . .     SeeInvis .   a - +0 hand axe
rCold    . . .     Faith    .   (no shield)
rNeg     . . .     Spirit   +   b - +0 animal skin
rPois    .         Reflect  .   (no helmet)
rElec    .         Harm     .   (no cloak)
rCorr    .         Rampage  .   (no gloves)
Will     .....                  (no boots)
Stlth    +.........             (no amulet)
HPRegen  0.11/turn              (no ring)
MPRegen  0.09/turn              (no ring)

@: no status effects
A: slimy green scales 1, demonic guardian 1, magic shield
a: Renounce Religion, Berserk, Trog's Hand


You were on level 2 of the Dungeon.
You worshipped Trog.
Trog was pleased with you.
You visited 1 branch of the dungeon, and saw 2 of its levels.

You collected 135 gold pieces.

Inventory:

Hand Weapons
 a - a +0 hand axe (weapon)
Armour
 b - a +0 animal skin (worn)
Scrolls
 c - 2 scrolls of identify {unknown}
 d - a scroll of noise {unknown}
Potions
 e - a potion of heal wounds {unknown}
 f - a potion of haste {unknown}


   Skills:
 + Level 3.4 Fighting
 * Level 3.5 Axes
 * Level 2.7 Armour
 - Level 1.7 Dodging


You had 3 spell levels left.
You didn't know any spells.
Your spell library was empty.

Dungeon Overview and Level Annotations

Branches:
Dungeon (2/15)

Altars:
Nemelex Xobeh


Innate Abilities, Weirdness & Mutations

You are partially covered in slimy green scales. (AC +2)
A weak demonic guardian rushes to your aid.
When hurt, damage is shared between your health and your magic reserves.


Message History

You hit the worm but do no damage.
The worm is lightly wounded.
The worm completely misses you.
You slash the worm!
The worm is moderately wounded.
The worm bites you!
* * * LOW HITPOINT WARNING * * *
You barely miss the worm.
The worm is moderately wounded.
The worm barely misses you.
You hit the worm.
The worm is moderately wounded.
You hit the worm.
The worm is heavily wounded.
The worm bites you.
* * * LOW HITPOINT WARNING * * *
You hit the worm.
The worm is severely wounded.
The worm bites you!
You die...

..#...#######
#####.......# .
#...#####.###
..#.### #.....#
....#####.....####
.................#
.########.....##.#
( #.....##.# #
###.####@# #.# #w#
#.# #.# #.# #.#
#.# #.# #.# #.#
#.#


You could see a worm.

Vanquished Creatures
  An adder (D:2)
  3 worms (D:2)
  4 dart slugs
  A leopard gecko (D:1)
  3 giant cockroaches (D:1)
  5 goblins
  3 hobgoblins (D:1)
  4 jackals (D:1)
  2 kobolds (D:1)
  A quokka (D:2)
  3 bats
  2 frilled lizards (D:1)
  9 rats
41 creatures vanquished.

Vanquished Creatures (others)
  13 plants (D:1)
13 creatures vanquished.

Grand Total: 54 creatures vanquished

Notes
Turn   | Place    | Note
-------+----------+-------------------------------------------
     0 | D:1      | nomophobia the Demonspawn Berserker began the quest for the
                  | Orb.
     0 | D:1      | Reached XP level 1. HP: 18/18 MP: 1/1
   324 | D:1      | Gained mutation: A weak demonic guardian rushes to your
                  | aid. [demonic ancestry]
   324 | D:1      | Reached XP level 2. HP: 17/24 MP: 2/2
   888 | D:1      | Gained mutation: You are partially covered in slimy green
                  | scales. (AC +2) [demonic ancestry]
   888 | D:1      | Reached XP level 3. HP: 20/29 MP: 3/3
  1390 | D:2      | Found a faded altar of an unknown god.
  1529 | D:2      | Reached ** piety under Trog
  1548 | D:2      | Found a sparkling altar of Nemelex Xobeh.
  1592 | D:2      | Gained mutation: When hurt, damage is shared between your
                  | health and your magic reserves. [demonic ancestry]
  1592 | D:2      | Reached XP level 4. HP: 27/35 MP: 4/4
  1615 | D:2      | Slain by a worm

Illustrated notes

Levels and vault maps discovered:
D:1:      elethiomel_arrival_shortcut, layout_loops_ring, serial_bayou_pond_c
D:2:      layout_loops_ring, chequers_ecumenical_altar_simple_redux,
          nemelex_xobeh_ov_fountains_minmay

Skill      XL: |  1  2 |
---------------+-------+-----
Armour         | 2 |  2.7
Axes           | 3 |  3.5
Fighting       | |  3.4
Dodging        | |  1.7

Action                   |  1- 3 |  4- 6 || total
-------------------------+-------+-------++-------
Melee: Hand axe          |   147 |    14 ||   161
Invok: Berserk           |     2 |       ||     2
Armor: Animal skin       |    40 |       ||    40
Dodge: Dodged            |    91 |     4 ||    95
